 Dungeon Crawl Stone Soup version 0.18-b1-2-gd0c887e (webtiles) character file.

791 pragmatic the Shield-Bearer (level 7, -13/41 HPs)
             Began as a Gargoyle Fighter on Apr 28, 2016.
             Was a Follower of Nemelex Xobeh.
             Killed from afar by RudyRod's ghost (19 damage)
             ... with a flame tongue
             ... on level 5 of the Dungeon.
             The game lasted 00:26:02 (3967 turns).

pragmatic the Shield-Bearer (Gargoyle Fighter)      Turns: 3967, Time: 00:26:03

Health: -13/41     AC: 17    Str: 26    XL:     7   Next: 88%
Magic:  0/7        EV:  5    Int:  9    God:    Nemelex Xobeh [*.....]
Gold:   114        SH: 11    Dex:  9    Spells: 0 memorised, 6 levels left

rFire  . . .     SeeInvis .     a - +1 war axe
rCold  . . .     Gourm    .     p - +0 plate armour
rNeg   + . .     Faith    .     c - +1 shield
rPois  ∞         Spirit   +     (no helmet)
rElec  +         Dismiss  .     (no cloak)
rCorr  .         Reflect  .     (no gloves)
SustAt .         Harm     .     (no boots)
MR     .....                    e - amulet of guardian spirit
Stlth  ..........               (no ring)
                                (no ring)

@: mighty, not resistant to hostile enchantments, extremely unstealthy
A: negative energy resistance 1, electricity resistance, unbreathing,
petrification resistance, rot immunity, AC +4
a: Renounce Religion


You were on level 5 of the Dungeon.
You worshipped Nemelex Xobeh.
Nemelex Xobeh was aware of your devotion.
You were near starving.

You visited 1 branch of the dungeon, and saw 5 of its levels.

You collected 162 gold pieces.
You spent 48 gold pieces at shops.

Inventory:

Hand Weapons
 a - a +1 war axe (weapon)
 t - a +0 battleaxe
Armour
 b - a +0 scale mail
 c - a +1 shield (worn)
 o - a +0 robe
 p - a +0 plate armour (worn)
Jewellery
 e - an amulet of guardian spirit (around neck)
 k - an uncursed amulet of rage
Wands
 u - a wand of lightning (9/15)
Scrolls
 g - a scroll of immolation
 h - 2 scrolls of teleportation
 i - a scroll of recharging {unknown}
 l - 4 scrolls of identify
 m - 2 scrolls of remove curse
 v - a scroll of enchant weapon
Potions
 d - 2 potions of might
 q - a potion of flight {unknown}
Miscellaneous
 r - a plain deck of destruction {drawn: 1}
Comestibles
 f - 4 bread rations
 j - a meat ration
 n - 3 royal jellies
 s - a slice of pizza
 w - 3 chunks of flesh
 x - a beef jerky


   Skills:
 - Level 3.2 Fighting
 * Level 5.5 Axes
 + Level 5.1 Armour
 + Level 1.7 Dodging
 + Level 5.7 Shields
 + Level 0.3 Evocations


You had 6 spell levels left.
You didn't know any spells.

Dungeon Overview and Level Annotations

Branches:
Dungeon (5/15)
 Temple: D:4-7

Altars:
Kikubaaqudgha
Nemelex Xobeh
Qazlal

Shops:
D:4 !

Annotations:
D:5 RudyRod's ghost, novice DsFE


Innate Abilities, Weirdness & Mutations

You are resistant to torment.
Your stone body is resilient (AC +4).
You are immune to poison.
You resist negative energy.
You are resistant to electric shocks.
You can survive without breathing.
You are immune to petrification.
You are immune to rotting.


Message History

You feel less confused.
RudyRod's ghost hits you but does no damage.
Something hits you but does no damage.
You slash RudyRod's ghost!
RudyRod's ghost is moderately damaged.
You slash something!
Reactivating autopickup.
You feel a bit more experienced. RudyRod's ghost casts a spell at you.
You block the flame tongue.
RudyRod's ghost hits you but does no damage.
You slash RudyRod's ghost!
RudyRod's ghost is heavily damaged.
RudyRod's ghost barely misses you.
You slash RudyRod's ghost!
RudyRod's ghost is severely damaged.
RudyRod's ghost gestures at you while chanting.
The flame tongue hits you!
You die...
Your body glows slightly and disappears.

#### #... #... #..#
#..# #..# ## #..#
... ... #..# ##...
.. #@.# ....# +#.
#W)#....#. ..#
#..#.....# ..####
#.))....# ..##..
##)#.....# ..##.#
#.#...... ..##.#
#.# .....
|###.############.#
.....
.#..).............#
##.#


You could see RudyRod's ghost.

Vanquished Creatures
  Edmund (D:4)
  An ogre (D:4)
  A howler monkey (D:3)
  A hound (D:5)
  2 orc priests (D:5)
  4 orc wizards
  Jessica (D:2)
  2 worker ants
  Natasha (twice) (D:4)
  Terence (D:2)
  6 adders
  4 gnolls (D:4)
  A dart slug (D:1)
  3 giant geckos
  14 orcs
  10 bats
  5 giant cockroaches
  5 goblins
  11 hobgoblins
  6 jackals (D:3)
  A quokka (D:4)
  4 giant newts
  9 kobolds
  A quokka skeleton (D:4)
  8 rats
104 creatures vanquished.

Notes
Turn   | Place    | Note
--------------------------------------------------------------
     0 | D:1      | pragmatic the Gargoyle Fighter began the quest for the Orb.
     0 | D:1      | Reached XP level 1. HP: 14/14 MP: 1/1
   173 | D:1      | Reached XP level 2. HP: 16/19 MP: 2/2
   732 | D:2      | Noticed Jessica
   736 | D:2      | Killed Jessica
   736 | D:2      | Reached XP level 3. HP: 8/23 MP: 1/3
   944 | D:2      | Reached skill level 1 in Dodging
   944 | D:2      | Reached XP level 4. HP: 22/28 MP: 4/4
   990 | D:2      | Noticed Terence
  1008 | D:2      | Killed Terence
  1469 | D:2      | Reached XP level 5. HP: 30/32 MP: 3/5
  1940 | D:3      | Found an ancient bone altar of Kikubaaqudgha.
  2180 | D:3      | Found a sparkling altar of Nemelex Xobeh.
  2190 | D:3      | Became a worshipper of Nemelex Xobeh the Trickster
  2311 | D:4      | Noticed Natasha
  2317 | D:4      | Killed Natasha
  2352 | D:4      | Received a gift from Nemelex Xobeh
  2371 | D:4      | Noticed Edmund
  2400 | D:4      | Killed Edmund
  2400 | D:4      | Reached XP level 6. HP: 22/37 MP: 6/6
  2557 | D:4      | Noticed Natasha
  2585 | D:4      | Killed Natasha
  2593 | D:4      | Reached skill level 5 in Shields
  2828 | D:4      | Found Xaestruf's Distillery.
  2882 | D:4      | Bought a potion of might for 48 gold pieces
  3180 | D:4      | Reached XP level 7. HP: 41/41 MP: 5/7
  3338 | D:4      | Reached skill level 5 in Axes
  3605 | D:5      | Entered Level 5 of the Dungeon
  3613 | D:5      | Reached * piety under Nemelex Xobeh
  3652 | D:5      | Found a stormy altar of Qazlal.
  3861 | D:5      | Reached skill level 5 in Armour
  3943 | D:5      | Noticed RudyRod's ghost (novice DsFE)
  3967 | D:5      | Killed from afar by RudyRod's ghost

Skill      XL: |  1  2  3  4  5  6  7 |
---------------+----------------------+-----
Axes           | 2 3 4 5 |  5.5
Dodging        | 1 |  1.7
Shields        | 4 5 |  5.7
Armour         | 4 5 |  5.1
Fighting       | |  3.2
Evocations     | |  0.3

Action                   |  1- 3 |  4- 6 |  7- 9 || total
-------------------------+-------+-------+-------++-------
Melee: War axe           |    95 |   246 |   141 ||   482
Evoke: Deck              |       |     1 |       ||     1
  Use: Scroll            |       |     6 |       ||     6
       Potion            |       |     1 |     1 ||     2
  Eat: Chunk             |       |     8 |     1 ||     9
Armor: Scale mail        |    56 |       |       ||    56
       Plate armour      |       |   209 |   161 ||   370
Dodge: Dodged            |    43 |    54 |    25 ||   122
Block: Shield            |    57 |   147 |    76 ||   280
